 Dungeon Crawl Stone Soup version 0.28.0-45-g0d030f2227 (webtiles) character file.

Game seed: 5406883471122508029

261 pkoi the Charlatan (level 5, -2/41 HPs)
             Began as a Demigod Artificer on Apr 15, 2022.
             Slain by an ogre
             ... wielding a +0 giant spiked club
              (19 damage)
             ... on level 3 of the Dungeon.
             The game lasted 00:06:57 (7453 turns).

pkoi the Charlatan (Demigod Artificer)              Turns: 7453, Time: 00:06:58

Health: -2/41      AC:  5    Str: 17    XL:     5   Next: 64%
Magic:  7/7        EV: 15    Int: 13    God:
Gold:   128        SH:  0    Dex: 14    Spells: 4/4 levels left

rFire   . . .      SeeInvis .   t - +1 dagger (venom)
rCold   . . .      Faith    .   (no shield)
rNeg    . . .      Spirit   .   b - +1 leather armour
rPois   +          Reflect  .   (no helmet)
rElec   .          Harm     .   r - +0 cloak
rCorr   .          Rampage  .   (no gloves)
Will    .....                   (no boots)
Stlth   +.........              (no amulet)
HPRegen 0.13/turn               o - +4 ring of evasion
MPRegen 0.10/turn               q - ring of poison resistance

@: no status effects
A: high MP 1, forlorn, divine attributes
a: no special abilities


You were on level 3 of the Dungeon.
You visited 1 branch of the dungeon, and saw 4 of its levels.

You collected 138 gold pieces.
You spent 10 gold pieces at shops.

Inventory:

Hand Weapons
 a - a +0 club
 i - a +0 dagger
 k - a +3 dagger
 l - a +0 whip
 t - a +1 dagger of venom (weapon)
Missiles
 n - 7 poisoned darts
Armour
 b - a +1 leather armour (worn)
 r - a +0 cloak (worn)
Jewellery
 o - a +4 ring of evasion (left hand)
 q - a ring of poison resistance (right hand)
Wands
 c - a wand of flame (5) (quivered)
 d - a wand of charming (11)
 j - a wand of acid (3)
Scrolls
 s - 2 scrolls of amnesia
Potions
 f - 2 potions of heal wounds
 g - a potion of haste
 h - a potion of berserk rage {unknown}
 m - a potion of lignification {unknown}
 p - a potion of attraction {unknown}
Miscellaneous
 e - a piece from Xom's chessboard (12/15)


   Skills:
 + Level 1.7 Fighting
 - Level 1.7 Armour
 + Level 1.6 Dodging
 - Level 0.8 Stealth
 + Level 2.6 Unarmed Combat
 * Level 4.8 Evocations


You had 4 spell levels left.
You didn't know any spells.
Your spell library contained the following spells:

 Spells                   Type           Power      Damage    Failure   Level
 Freezing Cloud           Conj/Ice/Air   0%         6-21      100%        5
 Simulacrum               Ice/Necr       0%         N/A       100%        6
 Polar Vortex             Ice            0%         N/A       100%        9


Dungeon Overview and Level Annotations

Branches:
Dungeon (4/15)
 Temple: D:4-7

Shops:
D:1 !


Innate Abilities, Weirdness & Mutations

You have an increased reservoir of magic. (+10% MP)
You shall have no god before yourself.
Your divine heritage dramatically boosts your attributes as you level up.


Message History

There is a stone staircase leading up here.
Unknown command.
Found a runed dagger.
An ogre comes into view. It is wielding a +0 giant spiked club.
The ogre shouts!
You see here a +1 dagger of venom.
t - a +1 dagger of venom Your +1 dagger of venom begins to drip with poison!
t - a +1 dagger of venom (weapon)
Okay, then.
You make a move on Xom's chessboard...
The ogre resists with significant effort.
Unknown command.
You make a move on Xom's chessboard...
The ogre flickers and vanishes!
Deactivating autopickup; reactivate with Ctrl-A.
Unknown command.
The ball python hisses angrily.
The ball python bites you but does no damage.
The ball python barely misses you.
There is a stone staircase leading up here.
The ball python misses you. The ball python closely misses you.
Something hits you.
The ball python bites you but does no damage.
The ball python grabs you.
You stop ascending the stairs.
The ball python constricts you.
You escape the ball python's grasp.
Something barely misses you.
You climb upwards.
Reactivating autopickup.
There is a stone staircase leading down here.
Something hits you!!
Ouch! That really hurt!
* * * LOW HITPOINT WARNING * * *
Deactivating autopickup; reactivate with Ctrl-A.
Really walk into that dispersal trap?
You enter a dispersal trap!
The ball python blinks!
You blink.
The ball python enters a dispersal trap!
You blink.
The ball python blinks!
Something barely misses you.
You closely miss something. Something hits you!!
You die...

### ##.##
#####.#.##
..##.###.##
....## ##.#
########
###..###.##
########......#
#.#.#.##
#..@.....####.#
#.##.##
#.######## #.#
###.##.#######.#
#.#
.##.##.##...##.#
#.#
.##.##.#.###.#.#
#.#
...........##..#
#.#
....##.....##[.#
#.#
.#.........{.^.#
#.#
..#.####.#.#.#.#
#########.######


There were no monsters in sight!

Vanquished Creatures
  An ice beast (D:3)
  An orc wizard (D:3)
  2 adders
  An ufetubus (D:3)
  A worm (D:3)
  3 dart slugs
  An orc (D:4)
  3 bats
  12 endoplasms
  6 giant cockroaches
  5 goblins
  8 hobgoblins
  3 jackals
  2 quokkas
  7 ball pythons
  2 frilled lizards
  8 kobolds
  6 rats
72 creatures vanquished.

Vanquished Creatures (collateral kills)
  An iguana (D:3)
  A hobgoblin (D:3)
  A jackal (D:1)
3 creatures vanquished.

Vanquished Creatures (others)
  A jackal (D:1)
  10 plants (D:2)
11 creatures vanquished.

Grand Total: 86 creatures vanquished

Notes
Turn   | Place    | Note
-------+----------+-------------------------------------------
     0 | D:1      | pkoi the Demigod Artificer began the quest for the Orb.
     0 | D:1      | Reached XP level 1. HP: 15/15 MP: 3/3
   359 | D:1      | Reached skill level 3 in Evocations
   955 | D:1      | Reached XP level 2. HP: 19/22 MP: 4/4
  1301 | D:1      | Reached skill level 1 in Unarmed Combat
  2339 | D:1      | Reached XP level 3. HP: 27/27 MP: 5/5
  2370 | D:1      | Found Qocza's Distillery.
  2885 | D:1      | Bought a potion of degeneration for 10 gold pieces
  4830 | D:2      | Reached skill level 4 in Evocations
  5170 | D:3      | Reached XP level 4. HP: 34/34 MP: 6/6
  6029 | D:3      | Noticed an ice beast
  6037 | D:3      | Killed an ice beast
  6038 | D:3      | Reached skill level 1 in Fighting
  6038 | D:3      | Reached skill level 1 in Dodging
  6038 | D:3      | Reached XP level 5. HP: 23/40 MP: 7/7
  7412 | D:4      | Noticed an ogre
  7453 | D:3      | Slain by an ogre

Illustrated notes

Levels and vault maps discovered:
D:1:      zelgadis_glass_arrival_small, layout_loops_corners,
          chequers_ecumenical_altar_twisty, serial_shops, nicolae_lakefront_shop
D:2:      layout_loops_ring, lexackson_kobold_supper
D:3:      layout_loops_ring
D:4:      layout_rooms, amcnicky_mini_pool_small

Skill      XL: |  1  2  3  4 |
---------------+-------------+-----
Evocations     | 3 4 |  4.8
Unarmed Combat | 1 2 |  2.6
Fighting       | 1 |  1.7
Dodging        | 1 |  1.6
Armour         | |  1.7
Stealth        | |  0.8

Action                   |  1- 3 |  4- 6 || total
-------------------------+-------+-------++-------
Melee: Club              |    93 |       ||    93
       Punch             |     7 |     2 ||     9
       Dagger            |   178 |    61 ||   239
       Unarmed           |     9 |       ||     9
Evoke: Wand              |     6 |     8 ||    14
       Piece from Xom's  |     6 |     3 ||     9
  Use: Scroll            |     8 |     1 ||     9
 Stab: Petrified         |    10 |       ||    10
       Sleeping          |     4 |     1 ||     5
       Distracted        |       |     1 ||     1
Armor: Leather armour    |    84 |    21 ||   105
Dodge: Dodged            |   154 |    56 ||   210
